 Dungeon Crawl Stone Soup version 0.30-a0-367-g839099abd5 (webtiles) character file.

Game seed: 9106033873582861014

490 Aramant the Covered (level 7, -8/44 HPs)
             Began as a Gargoyle Fighter on Nov 18, 2022.
             Was an Initiate of Elyvilon.
             Mangled by a wight
             ... wielding a +0 great sword
              (14 damage)
             ... on level 6 of the Dungeon.
             The game lasted 00:06:23 (670 turns).

Aramant the Covered (Gargoyle Fighter)               Turns: 670, Time: 00:06:24

Health: -8/44      AC: 14    Str: 22    XL:     7   Next: 14%
Magic:  7/7        EV:  9    Int:  8    God:    Elyvilon [......]
Gold:   40         SH:  4    Dex:  9    Spells: 6/6 levels left

rFire   . . .      SeeInvis .    a - +0 flail
rCold   . . .      Faith    .    c - +0 buckler
rNeg    + . .      Spirit   .    b - +0 scale mail
rPois   ∞          Reflect  .    f - +1 helmet
rElec   +          Harm     .    (no cloak)
rCorr   .          Rampage  .    (no gloves)
Will    .....                    (no boots)
Stlth   ..........               (no amulet)
HPRegen 0.27/turn                (no ring)
MPRegen 0.10/turn                (no ring)

@: no status effects
A: sickness immunity, AC +4, negative energy resistance 1, electricity
resistance, torment resistance 1, petrification resistance
a: Renounce Religion


You were on level 6 of the Dungeon.
You worshipped Elyvilon.
Elyvilon was noncommittal.
You visited 1 branch of the dungeon, and saw 6 of its levels.

You collected 40 gold pieces.

Inventory:

Hand Weapons
 a - a +0 flail (weapon)
Armour
 b - a +0 scale mail (worn)
 c - a +0 buckler (worn)
 f - a +1 helmet (worn)
Scrolls
 e - 2 scrolls of fear {unknown}
 i - a scroll of identify {unknown}
Potions
 h - a potion of lignification {unknown}


   Skills:
 + Level 4.6 Fighting
 + Level 4.5 Maces & Flails
 + Level 5.0 Armour
 + Level 1.6 Dodging
 + Level 4.6 Shields


You had 6 spell levels left.
You didn't know any spells.
Your spell library contained the following spells:

 Spells                   Type           Power      Damage    Failure   Level
 Sandblast                Erth           0%         2d4       80%         1
 Passwall                 Tmut/Erth      0%         N/A       91%         2
 Stone Arrow              Conj/Erth      0%         3d7       99%         3


Dungeon Overview and Level Annotations

Branches:
Dungeon (6/15)
 Temple: D:4-7

Altars:
Elyvilon
Wu Jian


Innate Abilities, Weirdness & Mutations

You are immune to sickness and miasma.
Your stone body is resilient. (AC +4)
You are immune to poison.
You resist negative energy. (rN+)
You are resistant to electric shocks. (rElec)
You are resistant to unholy torment.
You are immune to petrification.


Message History

The wight is almost destroyed.
The wight hits you but does no damage.
You hit the wight.
You destroy the wight!
You have reached level 7!
You start resting.
You feel a little less clever now.
Items here: )) [[.
You start resting.
HP restored. 2 wights come into view.
The wight moves out of view.
You hit the wight.
The wight is moderately damaged.
The wight barely misses you.
You hit the wight.
The wight is heavily damaged.
You hit the wight but do no damage.
The wight is heavily damaged.
You block the wight's attack.
The wight hits you with a +2 scimitar! x2
The wight barely misses you.
You hit the wight.
The wight is severely damaged.
The wight barely misses you.
The wight hits you with a +0 great sword.
The wight attacks as you move away! The wight barely misses you.
You thump the wight!
You destroy the wight!
Your Armour skill increases to level 5!
You closely miss the wight.
The wight hits you with a +0 great sword!
You barely miss the wight. The wight misses you.
You hit the wight but do no damage.
The wight hits you with a +0 great sword.
The wight hits you with a +0 great sword!
* * * LOW HITPOINT WARNING * * *
You closely miss the wight. The wight hits you but does no damage.
You barely miss the wight.
The wight hits you with a +0 great sword!
You die...

#. .# #.# ..
#.# .. #.# .#
###.# .# ...#
.# ### #.####.#
... #..)@z.#
#.# # #.######
#####.# #.#.#
#...#.###.#.#
#...#.......#
#...#.#####.###
#...#.........#
#...#.........#
#.)...........#


You could see a wight.

Vanquished Creatures
  The ghost of Zaque the Cudgeller, an amateur DsMo (D:6)
  A black bear (D:6)
  3 wights (D:6)
  A hound (D:6)
  A jelly (D:6)
  An iguana (D:6)
  2 adders
  A ball python (D:4)
  An endoplasm (D:3)
  A hobgoblin (D:4)
  A kobold (D:2)
  A quokka (D:2)
15 creatures vanquished.

Notes
Turn   | Place    | Note
-------+----------+-------------------------------------------
     0 | D:1      | Aramant the Gargoyle Fighter began the quest for the Orb.
     0 | D:1      | Reached XP level 1. HP: 14/14 MP: 1/1
    25 | D:2      | Reached XP level 2. HP: 19/19 MP: 2/2
   104 | D:4      | Reached XP level 3. HP: 21/24 MP: 3/3
   150 | D:5      | Entered Level 5 of the Dungeon
   150 | D:5      | Noticed a phantom
   150 | D:5      | Noticed an ogre
   160 | D:4      | Found a large runed translucent door.
   160 | D:4      | Found a large runed translucent door.
   259 | D:4      | Noticed Zaque's ghost (amateur DsMo)
   305 | D:5      | Noticed an ice beast
   322 | D:6      | Reached XP level 4. HP: 15/29 MP: 4/4
   326 | D:6      | Reached skill level 4 in Armour
   335 | D:6      | Killed Zaque's ghost
   336 | D:6      | Reached skill level 1 in Dodging
   336 | D:6      | Reached XP level 5. HP: 28/34 MP: 5/5
   336 | D:6      | Reached XP level 6. HP: 32/39 MP: 6/6
   398 | D:6      | Found a white marble altar of Elyvilon.
   398 | D:6      | Found an ornate altar of the Wu Jian Council.
   398 | D:6      | Noticed a black bear
   417 | D:6      | Killed a black bear
   430 | D:6      | Became a worshipper of Elyvilon the Healer
   502 | D:6      | HP: 1/39 [wight/+0 scimitar (5)]
   503 | D:6      | Elyvilon protects you from harm!
   506 | D:6      | Reached XP level 7. HP: 3/44 MP: 7/7
   666 | D:6      | Reached skill level 5 in Armour
   670 | D:6      | Mangled by a wight

Illustrated notes

Levels and vault maps discovered:
D:1:      ebering_trefoil_twist, layout_loops_ring
D:2:      minmay_spotlight, layout_basic, serial_rivers,
          chequers_serial_rivers_large_b, chequers_serial_rivers_large_a,
          chequers_serial_rivers_room_b, chequers_serial_rivers_micro_c,
          minmay_stone_trees_medium, nrook_mini_backslash,
          reono_crystal_passage, minmay_misc_feat_columns,
          kennysheep_decorative_pillar
D:3:      layout_basic, kennysheep_generic_room_6, uniq_terence
D:4:      layout_loops_ring, ebering_ghost_disaster_area, nicolae_grassy_gnolls
D:5:      layout_rooms, slow_altar_2, mainiacjoe_overflow_small_starburst,
          old_standard_altar, chequers_serial_rivers_small_a,
          chequers_serial_rivers_micro_e, hangedman_feature_mirror, uniq_edmund,
          uniq_sigmund
D:6:      layout_basic, nicolae_xom_altar_mimics,
          gammafunk_temple_overflow_pools, minmay_temple_entry_wispy,
          minmay_misc_feat_encased, uniq_grinder, uniq_blork_the_orc

Skill      XL: |  1  2  3  4  5  6  7 |
---------------+----------------------+-----
Armour         | 4 5 |  5.0
Shields        | 4 |  4.6
Fighting       | 4 |  4.6
Maces & Flails | 3 4 |  4.5
Dodging        | 1 |  1.6

Action                   |  1- 3 |  4- 6 |  7- 9 || total
-------------------------+-------+-------+-------++-------
Melee: Flail             |    39 |    43 |    10 ||    92
  Use: Potion            |     1 |     2 |       ||     3
Armor: Scale mail        |    45 |    32 |     1 ||    78
Dodge: Dodged            |    32 |    20 |     5 ||    57
Block: Buckler           |    10 |    10 |     1 ||    21

Table legend: (Time is in decaauts)
 A = Elapsed time spent in this place.
 B = Non-inter-level travel time spent in this place.
 C = Inter-level travel time spent in this place.
 D = Time resting spent in this place.
 E = Time spent auto-exploring this place.
 F = Levels seen in this place.
 G = Mean time per level.
                   A        B        C        D        E       F      G
               +--------+--------+--------+--------+--------+-----+--------+
         Total |    696 |    684 |     12 |    151 |    133 |   6 |  116.0 |
       Dungeon |    696 |    684 |     12 |    151 |    133 |   6 |  116.0 |
               +--------+--------+--------+--------+--------+-----+--------+

Top non-repeatable levels by time:
     D:6: 379 daAuts
     D:4: 205 daAuts
     D:3: 38 daAuts
     D:2: 32 daAuts
     D:5: 28 daAuts
     D:1: 13 daAuts
